 Dungeon Crawl Stone Soup version 0.27-a0-1322-gfdffb62a71 (webtiles) character file.

Game seed: 8888953668062547927

1842 siradein the Basher (level 8, -2/62 HPs)
             Began as a Palentonga Fighter on June 15, 2021.
             Was a Believer of Uskayaw.
             Killed from afar by a steam dragon (15 damage)
             ... with a ball of steam
             ... on level 7 of the Dungeon on June 22, 2021.
             The game lasted 00:18:00 (11042 turns).

siradein the Basher (Palentonga Fighter)           Turns: 11042, Time: 00:18:01

Health: -2/62      AC: 16    Str: 21    XL:     8   Next: 87%
Magic:  0/8        EV:  7    Int:  8    God:    Uskayaw [**....]
Gold:   260        SH: 13    Dex: 11    Spells: 7/7 levels left

rFire    . . .     SeeInvis +   f - +3 whip
rCold    + . .     Faith    .   x - +2 kite shield {AC+3}
rNeg     . . .     Spirit   +   b - +0 scale mail
rPois    .         Reflect  .   (no helmet)
rElec    .         Harm     .   (no cloak)
rCorr    .         Rampage  .   (no gloves)
Will     .....                  (no barding)
Stlth    ..........             A - amulet of guardian spirit
HPRegen  0.20/turn              m - ring of protection from cold
MPRegen  0.11/turn              (no ring)

@: curled up
A: large, rugged brown scales 3, see invisible, deformed body, roll 1, armoured
tail, reflexive curl
a: Rolling Charge, Renounce Religion, Stomp, Line Pass


You were on level 7 of the Dungeon.
You worshipped Uskayaw.
Uskayaw was noncommittal.
You visited 2 branches of the dungeon, and saw 8 of its levels.

You collected 260 gold pieces.

Inventory:

Hand Weapons
 f - a +3 whip (weapon)
Missiles
 n - 4 atropa-tipped darts
 p - 6 javelins
Armour
 b - a +0 scale mail (worn)
 x - a +2 kite shield of protection (worn)
Jewellery
 a - a ring of positive energy
 j - a ring of fire
 m - a ring of protection from cold (left hand)
 A - an amulet of guardian spirit (around neck)
 B - a ring of wizardry
Wands
 c - a wand of iceblast (4)
Scrolls
 g - 2 scrolls of identify
 h - a scroll of fog {unknown}
 i - 2 scrolls of amnesia
 l - a scroll of summoning {unknown}
 o - a scroll of fear {unknown}
 r - 3 scrolls of teleportation
 s - a scroll of noise {unknown}
 t - 2 scrolls of enchant weapon
 w - a scroll of holy word {unknown}
 y - a scroll of vulnerability {unknown}
 C - a scroll of enchant armour {unknown}
Potions
 d - a potion of might
 e - a potion of heal wounds
 k - a potion of ambrosia {unknown}
 q - a potion of mutation {unknown}
 u - a potion of attraction {unknown}
 v - a potion of brilliance {unknown}
 z - a potion of invisibility {unknown}


   Skills:
 - Level 3.0 Fighting
 + Level 8.4 Maces & Flails
 - Level 2.4 Armour
 + Level 7.2 Shields


You had 7 spell levels left.
You didn't know any spells.
Your spell library contained the following spells:

 Spells                   Type           Power      Damage    Failure   Level
 Beastly Appendage        Tmut           0%         N/A       86%         1
 Corona                   Hex            0%         N/A       86%         1
 Foxfire                  Conj/Fire      0%         2x1d4     86%         1
 Ensorcelled Hibernation  Hex/Ice        0%         N/A       95%         2
 Poisonous Vapours        Pois/Air       0%         N/A       95%         2
 Wereblood                Tmut           0%         N/A       95%         2
 Confusing Touch          Hex            0%         N/A       99%         3
 Conjure Flame            Conj/Fire      0%         6-21      99%         3
 Dazzling Flash           Conj/Hex       0%         N/A       99%         3
 Inner Flame              Hex/Fire       0%         N/A       99%         3
 Mephitic Cloud           Conj/Pois/Air  0%         N/A       99%         3
 Spider Form              Tmut/Pois      0%         N/A       99%         3
 Tukima's Dance           Hex            0%         N/A       99%         3
 Ice Form                 Ice/Tmut       0%         N/A       100%        4
 Sticky Flame             Conj/Fire      0%         2d3       100%        4
 Fireball                 Conj/Fire      0%         3d3       100%        5
 Freezing Cloud           Conj/Ice/Air   0%         6-21      100%        5


Dungeon Overview and Level Annotations

Branches:
Dungeon (7/15)             Temple (1/1) D:5

Altars:
Ashenzari
Cheibriados
Dithmenos
Elyvilon
Fedhas
Gozag
Hepliaklqana
Kikubaaqudgha
Makhleb
Nemelex Xobeh
Okawaru
Ru
Sif Muna
Trog
Uskayaw
Vehumet
Wu Jian
Xom
Yredelemnul
Zin
The Shining One

Shops:
D:1 *   D:3 *


Innate Abilities, Weirdness & Mutations

You are completely covered in rugged brown scales. (AC +3, +7% HP)
You have supernaturally acute eyesight. (SInv)
Armour fits poorly on your strangely shaped body.
You can roll at nearby foes to attack.
You have a long armoured tail.
You curl defensively after being hit.


Message History

The steam dragon breathes steam at you. The ball of steam hits you!!
You are too injured to fight recklessly!
You are too injured to fight recklessly!
You are too injured to fight recklessly!
You block the steam dragon's attack.
The steam dragon claws you but does no damage.
You hit the steam dragon.
The steam dragon is moderately wounded.
You block the steam dragon's attack.
The steam dragon claws you but does no damage.
You barely miss the steam dragon.
The steam dragon is moderately wounded.
You barely miss the steam dragon.
The steam dragon is moderately wounded.
The steam dragon breathes steam at you. The ball of steam misses you.
You hit the steam dragon. You tail-slap the steam dragon.
The steam dragon is heavily wounded.
You block the steam dragon's attack. x2
You can now pass through a line of other dancers.
You hit the steam dragon.
Your tail-slap misses the steam dragon.
The steam dragon is severely wounded.
The steam dragon bites you!
* * * LOW HITPOINT WARNING * * *
You block the steam dragon's attack.
You barely miss the steam dragon.
The steam dragon is severely wounded.
The steam dragon bites you.
* * * LOW HITPOINT WARNING * * *
You block the steam dragon's attack.
You hit the steam dragon.
The steam dragon is severely wounded.
You block the steam dragon's attack.
The steam dragon claws you but does no damage.
You hit the steam dragon.
Your tail-slap misses the steam dragon.
The steam dragon is almost dead.
The steam dragon breathes steam at you. The ball of steam hits you!
You die...

##### #... #... .
#..# ..# #..# ...#
#..###...#
#.........
#@........
#D.....ยง..
#..###...# #..#
..# #..###...###.
#............
#...###........
#.####..<.##......
#.###.............


You could see a steam dragon (catching breath).

Vanquished Creatures
  An orc warrior (D:6)
  An ice beast (D:5)
  An ogre (D:2)
  2 phantoms
  A necrophage (D:5)
  3 scorpions
  A wyvern skeleton (D:5)
  6 killer bees
  A howler monkey (D:4)
  A bullfrog zombie (D:5)
  2 jellies (D:6)
  2 orc priests
  A hound (D:5)
  A bullfrog skeleton (D:6)
  5 iguanas
  Natasha (thrice) (D:2)
  4 orc wizards
  A hound skeleton (D:5)
  A howler monkey zombie (D:7)
  8 adders
  7 gnolls
  A shadow imp (D:6)
  A white imp (D:6)
  3 worms (D:2)
  10 dart slugs
  17 orcs
  8 ball pythons
  7 bats
  7 endoplasms
  3 giant cockroaches
  7 goblins
  7 hobgoblins
  8 jackals
  5 kobolds
  2 quokkas
  2 frilled lizards
  3 rats
144 creatures vanquished.

Notes
Turn   | Place    | Note
-------+----------+-------------------------------------------
     0 | D:1      | siradein the Palentonga Fighter began the quest for the
                  | Orb.
     0 | D:1      | Reached XP level 1. HP: 19/19 MP: 1/1
   194 | D:1      | Reached XP level 2. HP: 25/25 MP: 2/2
   576 | D:1      | Found Reediaceosh's Assorted Antiques.
  1059 | D:2      | Noticed an ogre
  1193 | D:2      | Reached XP level 3. HP: 20/31 MP: 3/3
  1196 | D:2      | Reached skill level 3 in Maces & Flails
  2057 | D:2      | Reached XP level 4. HP: 18/37 MP: 4/4
  2907 | D:2      | Killed an ogre
  2908 | D:2      | Reached skill level 4 in Maces & Flails
  2908 | D:2      | Reached XP level 5. HP: 43/43 MP: 5/5
  3008 | D:2      | Noticed Natasha
  3014 | D:2      | Killed Natasha
  3378 | D:2      | Noticed Natasha
  3381 | D:2      | Killed Natasha
  3499 | D:2      | Noticed Natasha
  3505 | D:2      | Killed Natasha
  3589 | D:3      | Found Acagebba's Assorted Antiques.
  3712 | D:3      | Reached XP level 6. HP: 50/50 MP: 6/6
  4522 | D:3      | Found a sparkling altar of Nemelex Xobeh.
  4919 | D:4      | Reached skill level 5 in Maces & Flails
  5982 | D:4      | Upgraded the game from 0.27-a0-1291-geefcff550b to
                  | 0.27-a0-1319-geec4fb4e21
  6009 | D:5      | Entered Level 5 of the Dungeon
  6114 | D:5      | Reached skill level 5 in Shields
  6114 | D:5      | Gained mutation: You curl defensively after being hit.
                  | [Palentonga growth]
  6114 | D:5      | Reached XP level 7. HP: 46/55 MP: 7/7
  6350 | D:5      | Found a glowing silver altar of Zin.
  6435 | D:5      | Reached skill level 6 in Maces & Flails
  7060 | D:5      | Upgraded the game from 0.27-a0-1319-geec4fb4e21 to
                  | 0.27-a0-1322-gfdffb62a71
  7169 | D:5      | Found a radiant altar of Vehumet.
  7258 | D:5      | Found a staircase to the Ecumenical Temple.
  7391 | D:5      | Found a bloodstained altar of Trog.
  7446 | Temple   | Entered the Ecumenical Temple
  7555 | Temple   | Became a worshipper of Uskayaw the Reveller
  7816 | D:6      | Reached * piety under Uskayaw
  7874 | D:6      | Reached ** piety under Uskayaw
  8142 | D:6      | Reached XP level 8. HP: 59/62 MP: 8/8
  8501 | D:6      | Reached skill level 7 in Maces & Flails
  8505 | D:6      | Reached *** piety under Uskayaw
  9511 | D:5      | HP: 3/62 [poisoned by a killer bee]
 10254 | D:6      | Reached **** piety under Uskayaw
 10257 | D:6      | Reached skill level 8 in Maces & Flails
 10437 | D:6      | Found a shimmering blue altar of Sif Muna.
 11042 | D:7      | Killed from afar by a steam dragon

Illustrated notes

Levels and vault maps discovered:
D:1:      mrwooster_arrival_arrow, layout_basic, serial_shops, shop
D:2:      layout_basic, uniq_natasha
D:3:      layout_basic, nemelex_spade_bored_becter, serial_shops,
          nicolae_shop_overgrown_old_shop
D:4:      layout_layer_cave
D:5:      layout_basic, marbit_many_paths, lemuel_tele_altar, kennysheep_mini,
          minmay_temple_entry_proselytizer, hangedman_decor_growths
D:6:      kennysheep_slugbush, layout_loops_ring, lemuel_blue_sif_altar
D:7:      layout_cave_pools, serial_rivers, chequers_serial_rivers_small_3,
          chequers_serial_rivers_small_a, chequers_serial_rivers_micro_d,
          chequers_serial_rivers_large_a, chequers_serial_rivers_small_3,
          serial_shops, shop, minmay_misc_feat_cross
Temple:   lightli_temple_of_artemis

Skill      XL: |  1  2  3  4  5  6  7  8 |
---------------+-------------------------+-----
Shields        | 3 4 5 6 7 |  7.2
Maces & Flails | 3 4 5 6 8 |  8.4
Fighting       | |  3.0
Armour         | |  2.4

Action                   |  1- 3 |  4- 6 |  7- 9 || total
-------------------------+-------+-------+-------++-------
Melee: Flail             |   105 |   175 |   189 ||   469
       Tailslap          |    15 |    20 |    45 ||    80
       Whip              |       |       |   118 ||   118
Invok: Line Pass         |       |       |     1 ||     1
 Abil: Rolling Charge    |       |     3 |     1 ||     4
  Use: Scroll            |       |       |     6 ||     6
       Potion            |       |       |     4 ||     4
 Stab: Paralysed         |       |       |     7 ||     7
Armor: Scale mail        |    59 |    63 |   122 ||   244
Dodge: Dodged            |    26 |    50 |    71 ||   147
Block: Kite shield       |    56 |   104 |   183 ||   343

Table legend: (Time is in decaauts)
 A = Elapsed time spent in this place.
 B = Non-inter-level travel time spent in this place.
 C = Inter-level travel time spent in this place.
 D = Time resting spent in this place.
 E = Time spent auto-exploring this place.
 F = Levels seen in this place.
 G = Mean time per level.
                   A        B        C        D        E       F      G
               +--------+--------+--------+--------+--------+-----+--------+
         Total |  11176 |  10976 |    200 |   2363 |   6287 |   8 | 1397.0 |
       Dungeon |  11040 |  10866 |    174 |   2363 |   6187 |   7 | 1577.1 |
        Temple |    135 |    109 |     26 |      0 |    100 |   1 |  135.0 |
               +--------+--------+--------+--------+--------+-----+--------+

Top non-repeatable levels by time:
     D:5: 2626 daAuts
     D:2: 1874 daAuts
     D:1: 1777 daAuts
     D:6: 1569 daAuts
     D:4: 1569 daAuts
     D:3: 1347 daAuts
     D:7: 276 daAuts
  Temple: 135 daAuts
